 Dungeon Crawl Stone Soup version 0.16.2-12-gd0ad4c3 (webtiles) character file.

1948 mrath the Digger (level 9, -4/49 HPs)
             Began as a Gargoyle Earth Elementalist on July 27, 2016.
             Was a Follower of Vehumet.
             Slain by an ogre
             ... wielding a +0 giant spiked club
              (13 damage)
             ... on level 7 of the Dungeon.
             The game lasted 00:55:53 (9566 turns).

mrath the Digger (Gargoyle Earth Elementalist)      Turns: 9566, Time: 00:55:53

Health: -4/49      AC: 14    Str: 11    XL:     9   Next: 18%
Magic:  18/24      EV: 12    Int: 20    God:    Vehumet [*.....]
Gold:   265        SH:  0    Dex: 10    Spells: 4 memorised, 11 levels left

rFire  . . .     SeeInvis .     K - +3 short sword (elec)
rCold  . . .     Clarity  .     M - +2 robe {rN+}
rNeg   + + .     SustAb   .     (no shield)
rPois  ∞         Gourm    .     q - +0 helmet
rElec  +         Spirit   .     (no cloak)
rCorr  +         Warding  .     (no gloves)
rMut   .         Stasis   .     (no boots)
MR     .....                    U - amulet of resist corrosion
Stlth  ++........               (no ring)
                                s - ring of flight

@: stone skin, not resistant to hostile enchantments, unstealthy
A: negative energy resistance 1, electricity resistance, unbreathing,
petrification resistance, rot immunity, AC +5
a: Renounce Religion, Evoke Flight


You were on level 7 of the Dungeon.
You worshipped Vehumet.
Vehumet was aware of your devotion.
You were not hungry.

You visited 1 branch of the dungeon, and saw 7 of its levels.
You also visited: Bailey.

You collected 385 gold pieces.
You spent 120 gold pieces at shops.

Inventory:

Hand weapons
 f - a +0 blowgun
 m - a +0 spear
 y - a +0 hunting sling
 G - a +2 dagger of venom
 H - a +1 hand axe of chopping
 I - a +0 flail
 J - a +1 whip of flaming
 K - a +3 short sword of electrocution (weapon)
 W - a +0 halberd
Missiles
 b - 212 stones
 j - 12 poisoned needles
 p - 84 sling bullets
 w - 3 throwing nets
 L - 2 javelins (quivered)
 V - 49 tomahawks of returning
Armour
 q - a +0 helmet (worn)
 B - a +0 leather armour
 M - a +2 robe of positive energy (worn)
Jewellery
 s - a ring of flight (left hand)
 N - an uncursed ring of fire
 U - an amulet of resist corrosion (around neck)
Magical devices
 C - a wand of frost (22)
 O - a wand of random effects (26)
Scrolls
 g - 2 scrolls of identify
 l - a scroll of enchant weapon
 n - a scroll of amnesia
 r - a scroll of magic mapping
 t - 2 scrolls of enchant armour
 u - a scroll of noise {unknown}
 x - 4 scrolls of blinking {unknown}
 z - 3 scrolls of remove curse
 F - 3 scrolls of teleportation
 Q - a scroll of fear {unknown}
Potions
 e - 3 potions of agility
 i - 2 potions of beneficial mutation {unknown}
 k - 2 potions of cancellation
 o - 5 potions of curing
 v - a potion of restore abilities {unknown}
 A - 4 potions of heal wounds
 E - a potion of flight {unknown}
 R - a potion of haste {unknown}
 S - 2 potions of brilliance {unknown}
Books
 d - a book of Geomancy

   Spells                             Type                      Level
   a - Sandblast                      Earth                        1
   b - Stoneskin                      Transmutation/Earth          2
   c - Passwall                       Transmutation/Earth          3
   d - Stone Arrow                    Conjuration/Earth            3
   e - Petrify                        Transmutation/Earth          4
   f - Lee's Rapid Deconstruction     Earth                        5
 T - a book of the Sky

   Spells                             Type                      Level
   a - Flight                         Charms/Air                   3
   b - Airstrike                      Air                          4
   c - Silence                        Hexes/Air                    5
   d - Deflect Missiles               Charms/Air                   6
   e - Conjure Ball Lightning         Conjuration/Air              6
   f - Tornado                        Air                          9
Comestibles
 a - 8 bread rations
 c - 11 chunks of flesh
 h - 2 fruits
 D - 5 meat rations
 P - a beef jerky


   Skills:
 + Level 2.5 Fighting
 + Level 0.8 Short Blades
 + Level 2.0 Armour
 + Level 2.4 Dodging
 - Level 2.1 Stealth
 * Level 7.1 Spellcasting
 + Level 5.1 Conjurations
 - Level 0.7 Transmutations
 + Level 7.7 Earth Magic
 + Level 2.0 Evocations


You had 11 spell levels left.
You knew the following spells:

 Your Spells              Type           Power        Failure   Level  Hunger
a - Sandblast             Erth           #####.       1%          1    None
b - Stoneskin             Trmt/Erth      ###.....     2%          2    None
c - Stone Arrow           Conj/Erth      ####..       1%          3    #......
d - Lee's Rapid Deconstr  Erth           #####.....   12%         5    #####..


Dungeon Overview and Level Annotations

Branches:
Dungeon (7/15)             Temple (0/1) D:7

Altars:
Gozag
Nemelex Xobeh
Qazlal
Ru
Vehumet
Xom
The Shining One

Shops:
D:5 *


Innate Abilities, Weirdness & Mutations

You are resistant to torment.
You are immune to poison.
Your stone body is very resilient (AC +5).
You resist negative energy.
You are resistant to electric shocks.
You can survive without breathing.
You are immune to petrification.
You are immune to rotting.


Message History

Your skin hardens.
The orc knight misses you.
Read which item? (? for menu, Esc to quit)
As you read the scroll of teleportation, it crumbles to dust.
You feel strangely unstable.
Casting: Stoneskin
Confirm with . or Enter, or press ? or * to list all spells.
Your skin feels harder.
The orc knight barely misses you.
Casting: Stoneskin
Confirm with . or Enter, or press ? or * to list all spells.
Aiming: Stone Arrow
Press: ? - help, Shift-Dir - straight line, f - orc knight
Aim: an orc knight, wielding a battleaxe and wearing a chain mail The stone arrow hits the orc knight.
The orc knight is lightly wounded.
Your surroundings suddenly seem different.
Found 15 gold pieces and a falchion.
An ogre comes into view. It is wielding a giant spiked club.
The ogre shouts!
The ogre hits you with a giant spiked club!
You die...

,** **,** *,** **,..#* *,,****,,
,,***,,* *,,* **,,).## **,,,#.,*
,,,,,,** *#,***,,*..$###...,...*
,***,,** #.,,,*##.........,,..#
,****,,* #..,**#...#*.....,**#.
,,,**,,** #..#*##..#*......## *#
**,,,,,,**##...##..####......# #
***,,,,,,*#......O.##........####
,,,,,,**....##..@................
,,,,******,,*##..........#.....##
**,,* **,,,......#.##.......##
*,******,,........#.#........##
**,* *,,,..#...................##
*,** ***,,*#.....#..............#
,,******,,,#.#...............#..>
**,**,,,,,,,............#........
*,,,,,,,,,,,*,....#.....#......<


You could see an ogre.

Vanquished Creatures
  Pikel (D:4)
  Eustachio (D:4)
  A wyvern (D:7)
  Edmund (D:4)
  A slave (D:3)
  A centaur (D:6)
  A sky beast (D:6)
  A scorpion (D:5)
  A crimson imp (D:6)
  A goliath beetle (D:6)
  A gnoll shaman (D:5)
  2 hounds
  A jelly (D:6)
  An orc priest (D:7)
  2 orc wizards
  A centaur skeleton (D:4)
  An iguana (D:4)
  7 worker ants
  A hound skeleton (D:5)
  Robin (D:2)
  4 adders
  12 gnolls
  A giant mite (D:4)
  5 worms
  An adder zombie (D:6)
  3 giant geckos (D:2)
  An ooze (D:4)
  12 orcs
  2 ball pythons
  17 bats
  2 bat skeletons
  5 giant cockroaches
  28 hobgoblins
  4 jackals
  A quokka (D:5)
  9 giant newts
  24 goblins
  23 kobolds
  A quokka skeleton (D:4)
  A quokka zombie (D:6)
  16 rats
200 creatures vanquished.

Vanquished Creatures (others)
  A worker ant (D:5)
  A giant gecko (D:5)
  A kobold (D:5)
  A bat (D:5)
  2 jackals (D:5)
  2 rats (D:4)
8 creatures vanquished.

Grand Total: 208 creatures vanquished

Notes
Turn   | Place    | Note
--------------------------------------------------------------
     0 | D:1      | mrath, the Gargoyle Earth Elementalist, began the quest for the Orb.
     0 | D:1      | Reached XP level 1. HP: 10/10 MP: 3/3
   501 | D:1      | Reached skill level 4 in Earth Magic
   501 | D:1      | Reached XP level 2. HP: 15/15 MP: 2/4
   526 | D:1      | Learned a level 2 spell: Stoneskin
  1273 | D:1      | Reached XP level 3. HP: 19/19 MP: 3/6
  2484 | D:2      | Reached XP level 4. HP: 24/24 MP: 3/9
  2540 | D:2      | Learned a level 3 spell: Stone Arrow
  2796 | D:2      | Reached skill level 5 in Earth Magic
  2838 | D:2      | Noticed Robin
  2936 | D:2      | Killed Robin
  3062 | D:2      | Reached skill level 1 in Conjurations
  3062 | D:2      | Reached XP level 5. HP: 28/28 MP: 8/11
  3424 | D:3      | Found an opulent altar of Gozag.
  4057 | D:3      | Found a sacrificial altar of Ru.
  4557 | D:4      | Noticed Eustachio
  4910 | D:4      | Reached XP level 6. HP: 29/32 MP: 8/15
  5058 | D:4      | Found a stormy altar of Qazlal.
  5259 | D:4      | Noticed a slave
  5261 | D:4      | Noticed Pikel
  5261 | D:4      | Noticed a slave
  5262 | D:4      | Noticed a slave
  5264 | D:4      | Noticed a slave
  5296 | D:3      | Killed a slave
  5577 | D:4      | Killed Pikel
  5577 | D:4      | Reached skill level 5 in Spellcasting
  5577 | D:4      | Reached skill level 6 in Earth Magic
  5577 | D:4      | Reached XP level 7. HP: 16/36 MP: 1/19
  5908 | D:4      | Killed Eustachio
  5908 | D:4      | Reached XP level 8. HP: 41/41 MP: 7/21
  6434 | D:4      | Noticed Edmund
  6456 | D:4      | Killed Edmund
  6456 | D:4      | Reached skill level 7 in Earth Magic
  6697 | D:4      | Learned a level 5 spell: Lee's Rapid Deconstruction
  6742 | D:5      | Entered Level 5 of the Dungeon
  6775 | D:5      | Found Fosainass' General Store.
  6795 | D:5      | Bought a potion of heal wounds for 75 gold pieces
  6795 | D:5      | Bought a scroll of teleportation for 45 gold pieces
  6992 | D:5      | Found a radiant altar of Vehumet.
  6998 | D:5      | Became a worshipper of Vehumet
  7004 | D:5      | Found a shimmering altar of Xom.
  7411 | D:5      | Reached skill level 1 in Fighting
  7411 | D:5      | Reached skill level 1 in Evocations
  7529 | D:5      | Found a glowing golden altar of the Shining One.
  7760 | D:6      | Reached skill level 1 in Armour
  8296 | D:6      | Found a sparkling altar of Nemelex Xobeh.
  8599 | D:6      | Reached XP level 9. HP: 48/48 MP: 24/24
  8699 | D:7      | Reached skill level 5 in Conjurations
  8799 | D:7      | Found a staircase to the Ecumenical Temple.
  8820 | D:7      | Found a flagged portal.
  8827 | D:7      | Acquired Vehumet's first power
  8827 | D:7      | Offered knowledge of Shock by Vehumet.
  9103 | Bailey   | Entered a bailey
  9483 | Bailey   | Noticed an orc knight
  9566 | D:7      | Slain by an ogre

Action                   |  1- 3 |  4- 6 |  7- 9 || total
-------------------------+-------+-------+-------++-------
Melee: Club              |    22 |    14 |       ||    36
       Dagger            |       |    61 |   114 ||   175
       Short sword       |       |       |    37 ||    37
Throw: Javelin           |       |     5 |     3 ||     8
 Cast: Sandblast         |    78 |   101 |    21 ||   200
       Stone Arrow       |       |    11 |    82 ||    93
       Stoneskin         |       |     2 |     8 ||    10
  Use: Scroll            |     4 |       |     7 ||    11
 Stab: Sleeping          |       |     2 |       ||     2
  Eat: Chunk             |     5 |     9 |    14 ||    28
       Fruit             |       |     2 |       ||     2
